 Dungeon Crawl Stone Soup version 0.30-a0-737-gf23d94013f (webtiles) character file.

Game seed: 1686252232408149587

3935 brightshaft the Slicer (level 10, -4/61 HPs)
             Began as a Kobold Brigand on Feb 2, 2023.
             Was a Follower of Uskayaw.
             Slain by a vampire (9 damage)
             ... on level 8 of the Dungeon.
             The game lasted 00:18:04 (8005 turns).

brightshaft the Slicer (Kobold Brigand)             Turns: 8005, Time: 00:18:04

Health: -4/61      AC: 12    Str:  9    XL:     10   Next: 44%
Magic:  13/13      EV: 16    Int: 13    God:    Uskayaw [*.....]
Gold:   309        SH:  0    Dex: 20    Spells: 9/9 levels left

rFire   . . .      SeeInvis .    a - +2 dagger (venom)
rCold   . . .      Faith    .    (no shield)
rNeg    . . .      Spirit   .    m - +3 ring mail
rPois   .          Reflect  .    (no helmet)
rElec   .          Harm     .    c - +1 cloak
rCorr   .          Rampage  .    (no gloves)
Will    +....                    s - +0 pair of boots
Stlth   +++++                    w - amulet of magic regeneration
HPRegen 0.30/turn                f - ring of willpower
MPRegen 0.53/turn                (no ring)

@: no status effects
A: small, no large weapons, nightstalker 3
a: Renounce Religion, Stomp


You were on level 8 of the Dungeon.
You worshipped Uskayaw.
Uskayaw was noncommittal.
You visited 2 branches of the dungeon, and saw 9 of its levels.

You collected 429 gold pieces.
You spent 120 gold pieces at shops.

Inventory:

Hand Weapons
 a - a +2 dagger of venom (weapon)
 b - a +0 rapier of venom
Missiles
 d - 25 poisoned darts (quivered)
 e - 3 curare-tipped darts
 A - 4 atropa-tipped darts
Armour
 c - a +1 cloak (worn)
 g - a +0 scale mail
 m - a +3 ring mail (worn)
 r - a +0 robe
 s - a +0 pair of boots (worn)
Jewellery
 f - a ring of willpower (left hand)
 t - a +6 ring of dexterity
 w - an amulet of magic regeneration (around neck)
Wands
 i - a wand of iceblast (7)
 x - a wand of flame (10) {@v2}
Scrolls
 q - 3 scrolls of identify {@r1}
 v - a scroll of magic mapping
 y - a scroll of amnesia
 D - a scroll of poison {unknown}
 E - a scroll of brand weapon
Potions
 j - a potion of curing {@q1}
 k - a potion of attraction {unknown}
 l - 4 potions of degeneration {unknown}
 n - 2 potions of might {unknown}
 o - 3 potions of lignification {unknown}
 p - a potion of magic {unknown}
 u - a potion of brilliance {unknown}
 z - a potion of haste {unknown}
 B - 2 potions of heal wounds {@q2}
 C - a potion of flight {unknown}


   Skills:
 + Level 6.6 Fighting
 * Level 10.8 Short Blades
 - Level 2.1 Throwing
 + Level 3.7 Armour
 + Level 6.9 Dodging
 + Level 9.7 Stealth
 + Level 5.0 Invocations


You had 9 spell levels left.
You didn't know any spells.
Your spell library contained the following spells:

 Spells                   Type           Power      Damage    Failure   Level
 Animate Dead             Necr           0%         N/A       100%        4
 Leda's Liquefaction      Hex/Erth       0%         N/A       100%        4
 Borgnjor's Vile Clutch   Necr/Erth      0%         N/A       100%        5
 Lee's Rapid Deconstruct  Erth           0%         3d4*      100%        5
 Death Channel            Necr           0%         N/A       100%        6
 Statue Form              Tmut/Erth      0%         N/A       100%        6


Dungeon Overview and Level Annotations

Branches:
Dungeon (8/15)             Temple (1/1) D:4
   Lair: D:8-11

Altars:
Ashenzari
Cheibriados
Dithmenos
Elyvilon
Fedhas
Gozag
Hepliaklqana
Kikubaaqudgha
Makhleb
Nemelex Xobeh
Okawaru
Qazlal
Ru
Sif Muna
Trog
Uskayaw
Vehumet
Wu Jian
Yredelemnul
Zin
The Shining One

Shops:
D:1 :   D:4 *([*

Annotations:
D:5 1 runed translucent door


Innate Abilities, Weirdness & Mutations

You are small and have problems with some larger weapons.
You are completely attuned to the shadows.


Message History

No target in view!
No target in view!
You stomp with the beat, sending a shockwave through the revellers around you!
You can no longer pass through a line of other dancers.
Something hits you. Something barely misses you.
You stomp with the beat, sending a shockwave through the revellers around you!
You can no longer stomp with the beat.
Something hits you! Something bites you!
Something draws strength from your injuries!
You can now stomp with the beat.
You miss something. You hit something but do no damage.
Something hits you but does no damage. Something bites you but does no damage.
You barely miss something. You miss something. Something hits you.
Something bites you but does no damage.
You hit something but do no damage.
Throw: throwing net
Press: ? - help, Shift-Dir - straight line You throw a throwing net.
Something hits you. Something bites you but does no damage.
You hit something but do no damage. Something hits you!
Something closely misses you.
You closely miss something. Something hits you but does no damage.
Something completely misses you.
Things that are here:
a +0 shortbow; a centaur corpse Something hits you but does no damage.
Something bites you but does no damage.
You closely miss something. Something hits you but does no damage.
Something bites you but does no damage.
You miss something. Something barely misses you. x2
Something hits you!
* * * LOW HITPOINT WARNING * * *
Something bites you!
* * * LOW HITPOINT WARNING * * *
Something draws strength from your injuries!
Something hits you.
* * * LOW HITPOINT WARNING * * *
Something bites you!
You die...

# ##.####
....@.#
##.##.###.
..........
.#........
####.##.#
#..# .#
#.## #.#
.###)###.


There were no monsters in sight!

Vanquished Creatures
  A two-headed ogre (D:8)
  The ghost of omnomnOMINOUS the Sneak, a novice OpWn of Wu Jian (D:5)
  Prince Ribbit (D:7)
  A wyvern (D:8)
  A shadow (D:8)
  2 steam dragons (D:7)
  An orc warrior (D:7)
  2 sky beasts
  A black bear (D:6)
  2 ice beasts
  An ogre (D:6)
  4 centaurs
  2 phantoms
  2 bullfrogs (D:6)
  A gnoll sergeant (D:7)
  A necrophage (D:4)
  3 scorpions
  3 howler monkeys (D:8)
  2 orc priests
  5 hounds
  2 jellies
  3 iguanas
  4 orc wizards
  6 gnolls
  9 adders
  2 ufetubi
  A dart slug (D:1)
  12 orcs
  7 ball pythons
  7 endoplasms
  3 giant cockroaches
  11 goblins
  7 hobgoblins
  7 jackals
  8 kobolds
  9 quokkas
  3 bats
  3 frilled lizards
  4 rats
145 creatures vanquished.

Notes
Turn   | Place    | Note
-------+----------+-------------------------------------------
     0 | D:1      | brightshaft the Kobold Brigand began the quest for the Orb.
     0 | D:1      | Reached XP level 1. HP: 12/12 MP: 1/1
   213 | D:1      | Reached skill level 3 in Short Blades
   226 | D:1      | Reached XP level 2. HP: 18/18 MP: 2/2
   429 | D:1      | Reached XP level 3. HP: 22/22 MP: 3/3
   478 | D:1      | Found Xaxoex's Book Emporium.
   974 | D:2      | Reached skill level 4 in Short Blades
   974 | D:2      | Reached XP level 4. HP: 26/27 MP: 4/4
  1028 | D:2      | Identified the +11 dagger of the Nine Nightmares {holy,
                  | Fragile rF+ Dex+3}
  1562 | D:3      | Reached XP level 5. HP: 32/32 MP: 5/5
  1603 | D:3      | Found an ancient bone altar of Kikubaaqudgha.
  1695 | D:3      | Reached skill level 5 in Short Blades
  1795 | D:3      | Reached XP level 6. HP: 12/37 MP: 6/6
  2020 | D:3      | Found a snail-covered altar of Cheibriados.
  2431 | D:4      | Found Dennumi's Antique Weapon Shoppe.
  2434 | D:4      | Found Epuem's Assorted Antiques.
  2435 | D:4      | Found Ogaejem's Assorted Antiques.
  2436 | D:4      | Found Maodem's Antique Armour Shoppe.
  2437 | D:4      | Bought a rapier for 120 gold pieces
  2584 | D:4      | Found a radiant altar of Vehumet.
  2811 | D:3      | Reached skill level 6 in Short Blades
  2953 | D:4      | Reached XP level 7. HP: 36/43 MP: 7/7
  3123 | D:4      | Found a staircase to the Ecumenical Temple.
  3276 | Temple   | Entered the Ecumenical Temple
  3454 | Temple   | Became a worshipper of Uskayaw the Reveller
  3481 | D:5      | Entered Level 5 of the Dungeon
  3588 | D:5      | Reached * piety under Uskayaw
  3809 | D:5      | Found a sacrificial altar of Ru.
  3927 | D:5      | Found a runed translucent door.
  3944 | D:5      | Noticed omnomnOMINOUS's ghost (novice OpWn)
  3964 | D:5      | Reached ** piety under Uskayaw
  3993 | D:5      | Killed omnomnOMINOUS's ghost
  3994 | D:5      | Reached skill level 7 in Short Blades
  3994 | D:5      | Reached skill level 1 in Armour
  3994 | D:5      | Reached skill level 1 in Invocations
  3994 | D:5      | Reached XP level 8. HP: 27/48 MP: 2/9
  4004 | D:5      | Found a runed translucent door.
  4162 | D:5      | Identified the +9 flail "Roidest" {speed, Str+3 Int-3
                  | Dex+3}
  4209 | D:5      | Reached *** piety under Uskayaw
  4812 | D:6      | Reached skill level 5 in Fighting
  4812 | D:6      | Reached skill level 8 in Short Blades
  4812 | D:6      | Reached skill level 5 in Dodging
  4877 | D:6      | Reached XP level 9. HP: 41/54 MP: 11/11
  5526 | D:6      | Reached skill level 9 in Short Blades
  5940 | D:7      | Noticed Prince Ribbit
  5958 | D:7      | Killed Prince Ribbit
  6918 | D:7      | Reached XP level 10. HP: 40/60 MP: 11/13
  7371 | D:8      | Reached skill level 10 in Short Blades
  7648 | D:8      | Noticed a two-headed ogre
  7652 | D:8      | Killed a two-headed ogre
  7936 | D:8      | Reached skill level 5 in Invocations
  8005 | D:8      | Slain by a vampire

Illustrated notes

Levels and vault maps discovered:
D:1:      psy_arrival_spokes, layout_loops_corners, serial_shops, shop
D:2:      layout_rooms, minmay_strange_pillars, nicolae_kite_square_tiling_tiny
D:3:      layout_rooms, lemuel_crystal_altar, kiku_gazebo_garden_becter
D:4:      layout_basic, mainiacjoe_overflow_six_doors_small,
          minmay_temple_entry_stoned_glass, minmay_shop_grid_forest
D:5:      layout_loops_ring, nicolae_ru_path_of_blood, ebering_ghost_sewer_f
D:6:      layout_basic, grunt_ministairs_11
D:7:      layout_basic, uniq_prince_ribbit1
D:8:      layout_loops_corners
Temple:   bh_familiar_temple

Skill      XL: |  1  2  3  4  5  6  7  8  9 10 |
---------------+-------------------------------+-----
Short Blades   | 3 4 5 6 7 8 9 10 | 10.8
Dodging        | 2 3 4 5 6 |  6.9
Fighting       | 3 4 5 6 |  6.6
Stealth        | 6 7 8 9 |  9.7
Armour         | 1 2 3 |  3.7
Invocations    | 1 2 4 5 |  5.0
Throwing       | |  2.1

Action                     |  1- 3 |  4- 6 |  7- 9 | 10-12 || total
---------------------------+-------+-------+-------+-------++-------
  Melee: Dagger            |    39 |   156 |   166 |    26 ||   387
         Punch             |       |     2 |     6 |       ||     8
         Rapier            |       |       |   102 |     2 ||   104
  Throw: Dart              |       |     3 |    34 |       ||    37
         Throwing net      |       |       |       |     1 ||     1
 Invoke: Stomp             |       |       |     7 |     2 ||     9
         Line Pass         |       |       |     2 |       ||     2
    Use: Scroll            |       |     6 |     8 |       ||    14
         Potion            |       |       |     3 |       ||     3
   Stab: Sleeping          |    21 |    22 |    11 |     7 ||    61
         Paralysed         |       |       |     1 |       ||     1
         Distracted        |       |       |       |     1 ||     1
 Armour: Robe              |       |    12 |       |       ||    12
         Ring mail         |       |    12 |    84 |    16 ||   112
  Dodge: Dodged            |    11 |    91 |   186 |    12 ||   300

Table legend: (Time is in decaauts)
 A = Elapsed time spent in this place.
 B = Non-inter-level travel time spent in this place.
 C = Inter-level travel time spent in this place.
 D = Time resting spent in this place.
 E = Time spent auto-exploring this place.
 F = Levels seen in this place.
 G = Mean time per level.
                   A        B        C        D        E       F      G
               +--------+--------+--------+--------+--------+-----+--------+
         Total |   7859 |   7660 |    199 |      0 |   6481 |   9 |  873.2 |
       Dungeon |   7669 |   7480 |    189 |      0 |   6307 |   8 |  958.6 |
        Temple |    189 |    179 |     10 |      0 |    174 |   1 |  189.0 |
               +--------+--------+--------+--------+--------+-----+--------+

Top non-repeatable levels by time:
     D:7: 1414 daAuts
     D:6: 1311 daAuts
     D:5: 1065 daAuts
     D:1: 957 daAuts
     D:3: 927 daAuts
     D:4: 873 daAuts
     D:8: 638 daAuts
     D:2: 481 daAuts
  Temple: 189 daAuts
